 Dungeon Crawl Stone Soup version 0.29.0-4-gdea44cf6ec (webtiles) character file.

Game seed: 2440987333220157499

497 qw the Chopper (level 7, -5/43 HPs)
             Began as a Gargoyle Fighter on Sept 10, 2022.
             Slain by an orc warrior
             ... wielding a +0 dire flail
              (6 damage)
             ... on level 5 of the Dungeon.
             The game lasted 00:01:31 (5358 turns).

qw the Chopper (Gargoyle Fighter)                   Turns: 5358, Time: 00:01:32

Health: -5/43      AC: 15    Str: 21    XL:     7   Next: 16%
Magic:  7/7        EV:  7    Int:  9    God:
Gold:   177        SH:  4    Dex:  9    Spells: 6/6 levels left

rFire   . . .      SeeInvis .   Y - +0 war axe
rCold   . . .      Faith    .   c - +0 buckler
rNeg    + . .      Spirit   .   a - +0 chain mail
rPois   inf        Reflect  .   (no helmet)
rElec   +          Harm     .   (no cloak)
rCorr   .          Rampage  .   (no gloves)
Will    .....                   f - +0 pair of boots
Stlth   ..........              (no amulet)
HPRegen 0.14/turn               (no ring)
MPRegen 0.10/turn               (no ring)

@: unable to drink
A: sickness immunity, AC +4, negative energy resistance 1, electricity
resistance, torment resistance 1, petrification resistance, inability to drink
after injury 1
a: no special abilities


You were on level 5 of the Dungeon.
You visited 2 branches of the dungeon, and saw 6 of its levels.

You collected 294 gold pieces.
You spent 117 gold pieces at shops.


Innate Abilities, Weirdness & Mutations

You are immune to sickness and miasma.
Your stone body is resilient. (AC +4)
You are immune to poison.
You resist negative energy. (rN+)
You are resistant to electric shocks. (rElec)
You are resistant to unholy torment.
You are immune to petrification.
You occasionally lose the ability to drink potions when taking damage.


   Skills:
 - Level 4.0 Fighting
 + Level 6.4 Axes
 - Level 3.2 Armour
 - Level 1.0 Dodging
 - Level 3.2 Shields


You had 6 spell levels left.
You didn't know any spells.
Your spell library was empty.

Inventory:

Hand Weapons
 j - a +0 morningstar
 Y - a +0 war axe (weapon)
Armour
 a - a +0 chain mail (worn)
 c - a +0 buckler (worn)
 f - a +0 pair of boots (worn)
Scrolls
 m - a scroll of identify
Potions
 d - a potion of might
 e - a potion of heal wounds
 g - a potion of flight {unknown}
 h - a potion of attraction {unknown}
 i - a potion of cancellation {unknown}
 k - a potion of lignification {unknown}
 n - 9 potions of curing

Dungeon Overview and Level Annotations

Branches:
Dungeon (5/15)             Temple (1/1) D:4

Altars:
Cheibriados
Elyvilon
Fedhas
Gozag
Hepliaklqana
Makhleb
Nemelex Xobeh
Qazlal
Ru
Sif Muna
Trog
Vehumet
Wu Jian
Yredelemnul
Zin

Shops:
D:2 !   D:4 *


Message History

The orc wizard is moderately wounded.
You hit the orc warrior but do no damage.
The orc wizard points at you and mumbles some strange words.
The puff of flame hits you. You block the orc warrior's attack.
You slash the orc wizard!
You kill the orc wizard!
You hit the orc warrior but do no damage.
The quokka bites you.
The orc warrior hits you with a +0 dire flail.
You closely miss the orc warrior. You barely miss the orc. You hit the quokka.
The quokka bites you. The orc hits you but does no damage.
You block the orc warrior's attack.
You closely miss the quokka.
The quokka is almost dead.
You barely miss the orc. You closely miss the orc warrior.
You block the quokka's attack. The orc warrior barely misses you.
The orc completely misses you.
You barely miss the quokka.
The quokka is almost dead.
You closely miss the orc. You hit the orc warrior.
The quokka bites you but does no damage.
The orc hits you with a +0 mace. The orc warrior barely misses you.
The quokka bites you but does no damage.
You closely miss the quokka.
The quokka is almost dead.
You hit the orc. You closely miss the orc warrior.
The quokka bites you but does no damage.
The orc hits you with a +0 mace.
The orc warrior hits you with a +0 dire flail!
You feel threatened and lose the ability to drink potions!
You barely miss the quokka.
The quokka is severely wounded.
You closely miss the orc.
You hit the orc warrior but do no damage.
The quokka bites you but does no damage.
The orc barely misses you.
The orc warrior hits you with a +0 dire flail.
The quokka bites you but does no damage.
The orc warrior hits you with a +0 dire flail.
You die...

#.. ...# .. ... ..
..# #.#>. #.#.#
#o#.######
#or)...... #o@.#
##...# ####....# #
#........########...
...#####...........#
.. #.###<....... #
#.# #.#####.# #.#
#.# #.# #.#


You could see an orc warrior, 2 orcs and a quokka.

Vanquished Creatures
  An ogre (D:4)
  Blork the orc (D:4)
  An iguana (D:4)
  Terence (D:2)
  An orc wizard (D:5)
  Natasha (thrice) (D:2)
  7 gnolls (D:3)
  3 adders
  A white imp (D:4)
  An ufetubus (D:4)
  2 worms
  5 dart slugs
  4 orcs
  5 endoplasms
  A giant cockroach (D:2)
  4 hobgoblins
  9 jackals
  2 kobolds
  A quokka (D:3)
  8 ball pythons
  6 bats
  3 frilled lizards
  9 goblins
  4 rats
83 creatures vanquished.

Vanquished Creatures (others)
  6 plants (D:4)
6 creatures vanquished.

Grand Total: 89 creatures vanquished

Notes
Turn   | Place    | Note
-------+----------+-------------------------------------------
     0 | D:1      | qw the Gargoyle Fighter began the quest for the Orb.
     0 | D:1      | Reached XP level 1. HP: 14/14 MP: 1/1
     0 | D:1      | 0 ||| qw: Version: 0.1-a-116-g5d60599
     0 | D:1      | 0 ||| qw: Game counter: 7488
     0 | D:1      | 0 ||| qw: Always use a shield: true
     0 | D:1      | 0 ||| qw: God list: Okawaru
     0 | D:1      | 0 ||| qw: Allow faded altars: false
     0 | D:1      | 0 ||| qw: Do Orc after D:15 true
     0 | D:1      | 0 ||| qw: Do second Lair branch before Depths: true
     0 | D:1      | 0 ||| qw: Lair rune preference: random
     0 | D:1      | 0 ||| qw: Plans: Normal, Zot, God:TSO, Crypt, Tomb, Zig,
                  | Orb
     0 | D:1      | 0 ||| PLANNING D:1-11
    55 | D:1      | Reached skill level 2 in Axes
   111 | D:1      | Reached XP level 2. HP: 16/19 MP: 2/2
   227 | D:1      | 227 ||| Stepping ~*~*~tactically~*~*~ (hiding).
   584 | D:1      | 584 ||| Stepping ~*~*~tactically~*~*~ (stealth).
   586 | D:1      | 586 ||| Stepping ~*~*~tactically~*~*~ (stealth).
   588 | D:1      | 588 ||| Stepping ~*~*~tactically~*~*~ (hiding).
   598 | D:1      | Reached skill level 3 in Axes
   753 | D:1      | 753 ||| Stepping ~*~*~tactically~*~*~ (stealth).
   762 | D:1      | Reached XP level 3. HP: 18/23 MP: 3/3
   767 | D:1      | 767 ||| Stepping ~*~*~tactically~*~*~ (stealth).
   935 | D:1      | 935 ||| Stepping ~*~*~tactically~*~*~ (stealth).
   948 | D:1      | 948 ||| Stepping ~*~*~tactically~*~*~ (stealth).
  1243 | D:1      | 1243 ||| DROPPING +0 club.
  1384 | D:1      | 1384 ||| DROPPING orb of wrath.
  1385 | D:1      | 1385 ||| READING scroll labelled DOUFOHUDWU.
  1386 | D:1      | 1386 ||| READING scroll labelled UCLYT RIXIGELORCHA.
  1387 | D:1      | 1387 ||| READING scroll labelled PUMAOW ZEITY.
  1388 | D:1      | 1388 ||| DRINKING 2 black potions.
  1489 | D:1      | 1489 ||| DRINKING 2 dark potions.
  1490 | D:1      | 1490 ||| DROPPING potion of ambrosia.
  1540 | D:2      | Noticed Terence
  1543 | D:2      | 1543 ||| Stepping ~*~*~tactically~*~*~ (stealth).
  1552 | D:2      | HP: 5/23 [Terence/+0 mace (3)]
  1555 | D:2      | Killed Terence
  1558 | D:2      | Reached XP level 4. HP: 4/28 MP: 4/4
  1604 | D:2      | 1604 ||| Stepping ~*~*~tactically~*~*~ (stealth).
  1612 | D:2      | HP: 6/28 [worm (3)]
  1620 | D:2      | Reached skill level 4 in Axes
  2192 | D:2      | Noticed Natasha
  2193 | D:2      | 2193 ||| Stepping ~*~*~tactically~*~*~ (hiding).
  2200 | D:2      | Killed Natasha
  2359 | D:2      | Found Wurr's Distillery.
  2365 | D:2      | 2365 ||| BUYING 3 potions of curing (117 gold).
  2365 | D:2      | Bought 3 potions of curing for 117 gold pieces
  2365 | D:2      | 2365 ||| SHOPLISTING potion of curing (39 gold, have 21).
  2365 | D:2      | 2365 ||| SHOPLISTING potion of heal wounds (65 gold, have
                  | 21).
  2370 | D:2      | 2370 ||| Stepping ~*~*~tactically~*~*~ (stealth).
  2417 | D:2      | 2417 ||| Stepping ~*~*~tactically~*~*~ (stealth).
  2420 | D:2      | 2420 ||| Stepping ~*~*~tactically~*~*~ (hiding).
  2731 | D:2      | 2731 ||| UPGRADING to +0 chain mail.
  2732 | D:2      | Noticed Natasha
  2733 | D:2      | 2733 ||| Stepping ~*~*~tactically~*~*~ (stealth).
  2734 | D:2      | 2734 ||| Stepping ~*~*~tactically~*~*~ (stealth).
  2735 | D:2      | 2735 ||| UPGRADING to +0 chain mail.
  2749 | D:2      | Killed Natasha
  2750 | D:2      | Reached XP level 5. HP: 15/32 MP: 5/5
  2762 | D:2      | Noticed Natasha
  2763 | D:2      | 2763 ||| FLEEEEING.
  2764 | D:2      | 2764 ||| FLEEEEING.
  2773 | D:2      | 2773 ||| FLEEEEING.
  2774 | D:2      | 2774 ||| FLEEEEING.
  2776 | D:2      | 2776 ||| Stepping ~*~*~tactically~*~*~ (hiding).
  2779 | D:2      | 2779 ||| Stepping ~*~*~tactically~*~*~ (hiding).
  2788 | D:2      | Killed Natasha
  3017 | D:2      | 3017 ||| DROPPING +0 scale mail.
  3018 | D:2      | 3018 ||| UPGRADING to +0 pair of boots.
  3033 | D:3      | 3033 ||| PLANNING SEWER
  3036 | D:3      | 3036 ||| Stepping ~*~*~tactically~*~*~ (stealth).
  3043 | D:3      | Reached skill level 5 in Axes
  3088 | D:3      | 3088 ||| Stepping ~*~*~tactically~*~*~ (stealth).
  3090 | D:3      | 3090 ||| Stepping ~*~*~tactically~*~*~ (stealth).
  3309 | D:3      | Reached XP level 6. HP: 38/38 MP: 6/6
  3614 | D:3      | 3614 ||| RIP SEWER
  3757 | D:3      | 3757 ||| PLANNING D:1-11
  3761 | D:3      | 3761 ||| DROPPING +0 whip.
  3957 | D:3      | 3957 ||| READING scroll labelled MAOGOA CEMA.
  4169 | D:4      | 4169 ||| Stepping ~*~*~tactically~*~*~ (stealth).
  4169 | D:4      | Found a staircase to the Ecumenical Temple.
  4170 | D:4      | 4170 ||| PLANNING TEMPLE
  4174 | D:4      | 4174 ||| Stepping ~*~*~tactically~*~*~ (stealth).
  4184 | D:4      | 4184 ||| Stepping ~*~*~tactically~*~*~ (stealth).
  4186 | D:4      | 4186 ||| DROPPING +1 whip of venom.
  4188 | D:4      | 4188 ||| Stepping ~*~*~tactically~*~*~ (stealth).
  4204 | D:4      | Reached skill level 6 in Axes
  4204 | D:4      | 4204 ||| Stepping ~*~*~tactically~*~*~ (stealth).
  4215 | Temple   | Entered the Ecumenical Temple
  4461 | Temple   | 4461 ||| PLANNING D:1-11
  4470 | D:4      | 4470 ||| DROPPING +3 whip of venom.
  4590 | D:4      | Found Ypsugg's General Store.
  4840 | D:4      | 4840 ||| Stepping ~*~*~tactically~*~*~ (hiding).
  4855 | D:4      | Reached skill level 1 in Dodging
  5100 | D:4      | 5100 ||| Stepping ~*~*~tactically~*~*~ (water).
  5211 | D:4      | Noticed Blork the orc
  5214 | D:4      | Found a hazy altar of Hepliaklqana.
  5218 | D:4      | Killed Blork the orc
  5219 | D:4      | Reached XP level 7. HP: 34/43 MP: 7/7
  5280 | D:4      | Found a faded altar of an unknown god.
  5284 | D:4      | 5284 ||| READING scroll labelled PUSHEF PEPNE.
  5285 | D:4      | 5285 ||| DRINKING 2 red potions.
  5285 | D:4      | Gained mutation: You occasionally lose the ability to drink
                  | potions when taking damage. [potion of mutation]
  5285 | D:4      | Gained mutation: You passively map a small area around you.
                  | [potion of mutation]
  5285 | D:4      | Gained mutation: You are strong-willed. (Will+) [potion of
                  | mutation]
  5285 | D:4      | Gained mutation: You have a pair of small horns on your
                  | head. [potion of mutation]
  5286 | D:4      | 5286 ||| DRINKING potion of mutation.
  5286 | D:4      | Lost mutation: You have a pair of small horns on your head.
                  | [potion of mutation]
  5286 | D:4      | Lost mutation: You passively map a small area around you.
                  | [potion of mutation]
  5286 | D:4      | Lost mutation: You are strong-willed. (Will+) [potion of
                  | mutation]
  5286 | D:4      | Gained mutation: You are frail. (-10% HP) [potion of
                  | mutation]
  5286 | D:4      | Lost mutation: You are frail. (-10% HP) [potion of
                  | mutation]
  5321 | D:4      | 5321 ||| DRINKING 2 bubbling grey potions.
  5335 | D:5      | Entered Level 5 of the Dungeon
  5336 | D:5      | 5336 ||| PLANNING OSSUARY
  5349 | D:5      | 5349 ||| DRINKING 10 potions of curing.
  5349 | D:5      | 5349 ||| (to cure confusion)
  5357 | D:5      | HP: 3/43 [orc warrior/+0 dire flail (12)]
  5358 | D:5      | HP: 1/43 [orc warrior/+0 dire flail (2)]
  5358 | D:5      | Slain by an orc warrior

Levels and vault maps discovered:
D:1:      eino_arrival_cavern_d, layout_loops_corners, fountainhead,
          minmay_cupped
D:2:      layout_loops_ring, serial_shops, shop, hangedman_decor_push,
          kennysheep_cross_bottleneck, minmay_misc_feat_tiny, uniq_terence,
          uniq_natasha
D:3:      layout_rooms, gup_sewer_entry_glass
D:4:      layout_loops_cross, beargit_hepliaklqana_dungeon_heroes,
          minmay_temple_entry_sparse_star, serial_bayou_pond_b,
          nicolae_take_the_stairs
D:5:      layout_loops_ring, grunt_temple_overflow_open, okawaru_trees_2,
          enter_ossuary_2
Temple:   minmay_temple_curvy_branch

Skill      XL: |  1  2  3  4  5  6 |
---------------+-------------------+-----
Axes           | 2 3 4 5 6 |  6.4
Fighting       | 4 |  4.0
Dodging        | 1 |  1.0
Armour         | |  3.2
Shields        | |  3.2

Action                   |  1- 3 |  4- 6 |  7- 9 || total
-------------------------+-------+-------+-------++-------
Melee: War axe           |    90 |   177 |    13 ||   280
  Use: Scroll            |     3 |     1 |     1 ||     5
       Potion            |     2 |       |     4 ||     6
Armor: Scale mail        |    66 |    16 |       ||    82
       Chain mail        |       |    64 |    12 ||    76
Dodge: Dodged            |    47 |    57 |     8 ||   112
Block: Buckler           |    17 |    31 |     4 ||    52

Table legend:
 A = Non-vault XP
 B = Vault XP
 C = Vault XP percentage of total XP
 D = Non-vault monster count
 E = Vault monster count
 F = Vault count percentage of total count
                 A         B        C        D         E       F
            +---------+---------+-------+---------+---------+-------
      Total |     542 |     169 |  23.8 |      75 |       8 |   9.6
            +---------+---------+-------+---------+---------+-------
        D:1 |      36 |       8 |  18.2 |      22 |       4 |  15.4
        D:2 |     113 |      68 |  37.6 |      16 |       2 |  11.1
        D:3 |     150 |       0 |   0.0 |      19 |       0 |   0.0
        D:4 |     204 |      93 |  31.3 |      16 |       2 |  11.1
        D:5 |      39 |       0 |   0.0 |       2 |       0 |   0.0
            +---------+---------+-------+---------+---------+-------
